 Dungeon Crawl Stone Soup version 0.31-a0-543-geaa9c7a2c0 (webtiles) character file.

Game seed: 4380432431647207800

420 AdnanSaban the Covered (level 6, -3/39 HPs)
             Began as a Gargoyle Fighter on Aug 15, 2023.
             Slain by a gnoll
             ... wielding a +1 halberd of protection
             ... led by a gnoll bouda
              (6 damage)
             ... on level 4 of the Dungeon.
             The game lasted 00:02:31 (3363 turns).

AdnanSaban the Covered (Gargoyle Fighter)           Turns: 3363, Time: 00:02:31

Health: -3/39      AC: 11    Str: 22    XL:     6   Next: 94%
Magic:  6/6        EV: 10    Int:  8    God:
Gold:   172        SH:  4    Dex:  9    Spells: 5/5 levels left

rFire   . . .        a - +0 flail
rCold   . . .        c - +0 buckler
rNeg    + . .        b - +0 scale mail
rPois   ∞            (no helmet)
rElec   +            (no cloak)
rCorr   .            (no gloves)
SInv    .            (no boots)
Will    .....        (no amulet) Stlth
                     (no ring)
HPRegen 0.26/turn    (no ring)
MPRegen 0.10/turn

%: no passive effects
@: no status effects
A: sickness immunity, AC +4, negative energy resistance 1, electricity
resistance, torment resistance 1, petrification resistance
a: no special abilities


You were on level 4 of the Dungeon.
You visited 1 branch of the dungeon, and saw 4 of its levels.

You collected 172 gold pieces.

Inventory:

Hand Weapons
 a - a +0 flail (weapon)
Missiles
 e - 3 atropa-tipped darts
 l - a throwing net
 p - a boomerang
 s - 6 poisoned darts
Armour
 b - a +0 scale mail (worn)
 c - a +0 buckler (worn)
Jewellery
 i - a ring of protection from fire
Wands
 r - a wand of light (9)
Scrolls
 f - a scroll of teleportation {unknown}
 g - a scroll of noise {unknown}
 j - 6 scrolls of identify {unknown}
 k - a scroll of blinking {unknown}
 q - a scroll of butterflies {unknown}
 t - a scroll of amnesia {unknown}
 u - 3 scrolls of revelation {unknown}
Potions
 d - a potion of might
 h - a potion of magic {unknown}
 m - 3 potions of curing {unknown}
 n - a potion of cancellation {unknown}
 o - 4 potions of brilliance {unknown}
 v - a potion of degeneration {unknown}
 w - 2 potions of heal wounds {unknown}
 x - 2 potions of haste {unknown}


   Skills:
 + Level 4.3 Fighting
 + Level 4.8 Maces & Flails
 + Level 4.9 Armour
 + Level 1.4 Dodging
 + Level 4.0 Shields


You had 5 spell levels left.
You didn't know any spells.
Your spell library contained the following spells:

 Spells                   Type           Power      Damage    Failure   Level
 Gell's Gravitas          Tloc           0%         N/A       98%         3
 Teleport Other           Tloc           0%         N/A       98%         3
 Dispersal                Tloc           0%         N/A       100%        6


Dungeon Overview and Level Annotations

Branches:
Dungeon (4/15)
 Temple: D:4-7

Altars:


Innate Abilities, Weirdness & Mutations

You are immune to sickness and miasma.
Your stone body is resilient. (AC +4)
You are immune to poison.
You resist negative energy. (rN+)
You are resistant to electric shocks. (rElec)
You are resistant to unholy torment.
You are immune to petrification.


Message History

You barely miss the gnoll. You block the gnoll's attack.
Unknown command.
You closely miss the gnoll. The gnoll barely misses you.
You hit the gnoll.
The gnoll is heavily wounded.
The gnoll hits you with a +0 club.
You thump the gnoll!
You kill the gnoll!
The gnoll hits you but does no damage.
You barely miss the gnoll. The gnoll misses you. x2
You thump the gnoll!
The gnoll is severely wounded.
The gnoll hits you from afar with a +1 halberd of protection.
The gnoll closely misses you.
The gnoll hits you from afar with a +1 halberd of protection!
* * * LOW HITPOINT WARNING * * *
You closely miss the gnoll.
The gnoll is severely wounded.
You block the gnoll's attack. The gnoll completely misses you.
You sock the gnoll!
You kill the gnoll!
The gnoll closely misses you. The gnoll hits you but does no damage.
Items here: )))) [ ††.
You hit the gnoll but do no damage. You block the gnoll's attack.
You hit the gnoll.
The gnoll is moderately wounded.
The gnoll closely misses you.
The gnoll hits you with a +1 halberd of protection!
* * * LOW HITPOINT WARNING * * *
You hit the gnoll but do no damage.
The gnoll is moderately wounded.
The gnoll misses you.
You hit the gnoll but do no damage.
The gnoll is moderately wounded.
The gnoll barely misses you.
You barely miss the gnoll.
The gnoll is moderately wounded.
The gnoll hits you with a +1 halberd of protection.
You die...

..# #.# #.## ###### #..
...# #....# #.# #..#
#.##.##### #.# #..
##.##...... #.# #g#
##...####### #.#
#@#####....†#### # #.#
#[##.....⌠.....#
#.#######.##.###.)†###.###
#.........#....#...#......
#.#########.####.<.#######
#.# #.# #...# #.###
#####.####...##### #...#
#...[......⌠.(.'.# ###.#
#.###.###.....##.#


You could see a gnoll.

Vanquished Creatures
  Grinder (D:3)
  A gnoll bouda (D:4)
  An iguana (D:4)
  3 gnolls (D:4)
  4 adders
  An ufetubus (D:4)
  6 worms
  3 dart slugs
  2 orcs
  An endoplasm (D:1)
  2 giant cockroaches (D:1)
  9 goblins
  6 hobgoblins
  10 kobolds
  3 quokkas
  6 ball pythons
  10 bats
  4 frilled lizards
  7 rats
80 creatures vanquished.

Notes
Turn   | Place    | Note
-------+----------+-------------------------------------------
     0 | D:1      | AdnanSaban the Gargoyle Fighter began the quest for the
                  | Orb.
     0 | D:1      | Reached XP level 1. HP: 14/14 MP: 1/1
   137 | D:1      | Reached XP level 2. HP: 10/19 MP: 2/2
   420 | D:1      | Found a faded altar of an unknown god.
   443 | D:1      | Reached XP level 3. HP: 23/23 MP: 3/3
  1870 | D:2      | Reached XP level 4. HP: 29/29 MP: 4/4
  2224 | D:3      | Identified the +0 ring mail of Honour {Harm Will+}
  2376 | D:3      | Noticed Grinder
  2387 | D:3      | Paralysed by Grinder for 5 turns
  2399 | D:3      | Killed Grinder
  2400 | D:3      | Reached skill level 1 in Dodging
  2400 | D:3      | Reached XP level 5. HP: 12/33 MP: 5/5
  2400 | D:3      | Reached XP level 6. HP: 14/38 MP: 6/6
  3363 | D:4      | Slain by a gnoll

Illustrated notes

Levels and vault maps discovered:
D:1:      nicolae_arrival_escape_room, layout_loops_ring,
          shapermc_ecumenical_altar_flowoftime
D:2:      layout_basic, serial_rivers, chequers_serial_rivers_small_3,
          chequers_serial_rivers_marsh, chequers_serial_rivers_micro_b,
          chequers_serial_rivers_small_3
D:3:      layout_basic, uniq_grinder
D:4:      layout_loops_ring, grunt_ministairs_15, hangedman_decor_growths,
          minmay_misc_feat_pillars, kennysheep_cross_room, dk_vineyard_1

Skill      XL: |  1  2  3  4 |
---------------+-------------+-----
Armour         | 4 |  4.9
Maces & Flails | 4 |  4.8
Fighting       | 4 |  4.3
Dodging        | 1 |  1.4
Shields        | 4 |  4.0

Action                     |  1- 3 |  4- 6 || total
---------------------------+-------+-------++-------
  Melee: Flail             |   168 |   170 ||   338
 Armour: Scale mail        |   111 |    85 ||   196
  Dodge: Dodged            |    99 |    85 ||   184
  Block: Buckler           |    38 |    39 ||    77

Table legend: (Time is in decaauts)
 A = Elapsed time spent in this place.
 B = Non-inter-level travel time spent in this place.
 C = Inter-level travel time spent in this place.
 D = Time resting spent in this place.
 E = Time spent auto-exploring this place.
 F = Levels seen in this place.
 G = Mean time per level.
                   A        B        C        D        E       F      G
               +--------+--------+--------+--------+--------+-----+--------+
         Total |   3468 |   3414 |     54 |      0 |   2670 |   4 |  867.0 |
       Dungeon |   3468 |   3414 |     54 |      0 |   2670 |   4 |  867.0 |
               +--------+--------+--------+--------+--------+-----+--------+

Top non-repeatable levels by time:
     D:2: 1134 daAuts
     D:1: 867 daAuts
     D:3: 806 daAuts
     D:4: 660 daAuts
